Map: Heavy Artillery LE

Players

Blood - Winner!

  • Race: Zerg Zerg
  • League: Diamond
  • Spawn Location: 3:00

Pace - Winner!

  • Race: Protoss Protoss
  • League: Diamond
  • Spawn Location: 1:00

flyrev

  • Race: Terran Terran
  • League: Diamond
  • Spawn Location: 7:00

BadCode

  • Race: Zerg Zerg
  • Spawn Location: 7:00

VOD

Have the link to the VOD?

Description

Time

  • Played on: Aug. 8, 2020, 1:35 p.m.
  • Length: 9:24
Show
View Real Time Build Order
Export as new Build Order

Blood Zerg - Winner!

Build Orders: 3 Hatch before Pool, Muta Ling Bane 

Get SALT Encoding   

  12  0:00  Drone  
  13  0:12  Overlord  
  13  0:16  Drone  
  14  0:31  Drone x2  
  14  0:34  Drone  
  17  0:45  Drone  
  18  0:58  Drone  
  18  1:03  Hatchery  
  18  1:21  Hatchery, Drone  
  18  1:22  Extractor  
  18  1:24  Drone  
  18  1:38  Spawning Pool  
  17  1:41  Drone  
  17  1:44  Drone  
  19  1:56  Drone  
  20  2:07  Overlord  
  20  2:24  Queen  
  20  2:25  Queen  
  20  2:29  Metabolic Boost  
  24  2:34  Zergling x6  
  24  2:35  Zergling x4  
  29  2:44  Drone x2  
  31  2:59  Drone x5  
  36  3:16  Drone x4  
  36  3:18  Queen  
  42  3:35  Baneling Nest  
  42  3:40  Drone  
  42  3:53  Overlord x3  
  42  4:03  Overlord x2  
  42  4:04  Overlord  
  42  4:17  Lair  
  42  4:22  Extractor  
  42  4:23  Drone x10  
  51  4:24  Extractor  
  51  4:25  Extractor  
  49  4:32  Drone x3  
  52  4:46  Drone x7  
  52  4:52  Drone  
  60  4:57  Drone  
  60  4:58  Drone x4  
  65  5:07  Baneling  
  65  5:08  Baneling x7  
  65  5:09  Zergling x12  
  71  5:32  Spire  
  70  5:40  Centrifical Hooks  
  70  5:43  Drone x10  
  74  6:08  Zergling x14  
  76  6:14  Zergling x2  
  76  6:15  Zergling x6  
  80  6:27  Drone x4  
  80  6:32  Extractor x2  
  82  6:36  Hatchery  
  81  6:51  Zergling x2  
  81  6:52  Zergling x14  
  87  7:16  Zergling x6  
  87  7:21  Overlord  
  87  7:22  Overlord x7  
  80  7:45  Drone  
  80  7:46  Drone x11  
  92  7:53  Evolution Chamber  
  92  7:55  Overseer  
  91  7:59  Zergling x2, Mutalisk x5  
  102  8:14  Mutalisk x9  
  118  8:35  Evolution Chamber  
  116  8:46  Mutalisk x6  
  131  9:04  Overlord  
  131  9:05  Overlord x2  
  131  9:06  Drone  
  131  9:07  Drone x13  
Show
View Real Time Build Order
Export as new Build Order

Pace Protoss - Winner!

Build Orders: 1 Gate Expand, Zealot Archon, Archon Drop, Dark Templar Rush 

Get SALT Encoding   

  12  0:00  Probe  
  13  0:13  Probe  
  14  0:18  Pylon  
  14  0:25  Probe  
  15  0:38  Gateway  
  15  0:39  Probe (Chrono Boost)  
  16  0:47  Assimilator  
  16  0:51  Probe (Chrono Boost)  
  17  1:00  Probe (Chrono Boost)  
  18  1:06  Probe  
  19  1:22  Probe  
  20  1:27  Nexus  
  20  1:35  Cybernetics Core  
  20  1:40  Probe  
  20  1:43  Pylon  
  21  1:52  Probe  
  21  1:53  Assimilator  
  22  2:04  Probe  
  23  2:12  Adept (Chrono Boost)  
  25  2:16  Warp Gate  
  25  2:27  Twilight Council  
  25  2:28  Probe  
  26  2:35  Adept  
  28  2:40  Probe  
  29  2:45  Probe  
  30  2:52  Probe (Chrono Boost)  
  30  2:54  Robotics Facility  
  32  3:02  Probe (Chrono Boost)  
  32  3:04  Probe (Chrono Boost)  
  33  3:10  Probe (Chrono Boost)  
  34  3:14  Dark Shrine  
  34  3:15  Probe  
  35  3:21  Probe, Pylon  
  36  3:27  Probe  
  36  3:31  Gateway  
  36  3:34  Probe, Gateway  
  37  3:39  Probe  
  39  3:44  Charge (Chrono Boost)  
  39  3:46  Probe  
  40  3:52  Immortal (Chrono Boost)  
  44  3:59  Pylon  
  44  4:08  Probe x2  
  46  4:14  Pylon  
  46  4:20  Probe x2  
  48  4:25  Adept  
  48  4:29  Observer (Chrono Boost)  
  51  4:33  Probe x2  
  51  4:35  Assimilator  
  53  4:39  Gateway  
  53  4:42  Gateway  
  53  4:43  Gateway  
  53  4:46  Gateway  
  53  4:47  Gateway  
  53  4:50  Warp Prism (Chrono Boost), Sentry x2  
  57  4:57  Probe x2  
  61  5:07  Pylon  
  61  5:11  Assimilator  
  61  5:14  Pylon  
  61  5:28  Pylon  
  61  5:44  Dark Templar x2  
  61  5:45  Dark Templar  
  61  5:47  Zealot x2  
  61  5:48  Zealot x2  
  61  5:49  Dark Templar  
  77  5:50  Archon  
  77  5:53  Archon  
  77  5:59  Probe x2  
  79  6:11  Probe, Zealot x4  
  81  6:17  Zealot x3  
  85  6:28  Zealot  
  85  6:32  Zealot x4  
  77  6:47  Zealot x3  
  77  6:48  Zealot  
  77  6:50  Probe x2  
  87  7:00  Zealot x4  
  91  7:02  Probe  
  86  7:17  Stalker x4  
  86  7:18  Probe x2  
  90  7:25  Immortal (Chrono Boost)  
  88  7:30  Probe x2  
  88  7:47  Zealot x3  
  88  7:49  Probe  
  88  7:50  Probe  
  84  8:00  Immortal (Chrono Boost)  
  84  8:02  Probe x2  
  88  8:09  Templar Archives  
  84  8:13  Pylon  
  84  8:14  Probe, Forge  
  84  8:15  Forge  
  77  8:40  Zealot x6  
  77  8:41  Zealot  
  85  8:53  Observer  
  80  9:06  Nexus  
  80  9:08  High Templar x5  
  80  9:09  High Templar x3  
  92  9:14  Archon x3  
  92  9:15  Archon  
Show
View Real Time Build Order
Export as new Build Order

flyrev Terran 

Build Orders: Reaper Expand 

Get SALT Encoding   

  12  0:00  SCV  
  13  0:12  SCV  
  14  0:17  Supply Depot  
  14  0:24  SCV  
  15  0:39  SCV  
  15  0:41  Barracks  
  16  0:46  Refinery  
  16  0:51  SCV  
  17  1:03  SCV  
  18  1:15  SCV  
  19  1:28  Orbital Command  
  19  1:30  Reaper  
  20  1:41  Command Center  
  20  1:54  Supply Depot  
  20  1:55  SCV  
  21  2:07  SCV  
  23  2:15  Barracks Reactor  
  22  2:19  SCV  
  23  2:31  SCV  
  23  2:36  Refinery  
  24  2:41  Factory  
  24  2:44  SCV  
  25  2:54  Orbital Command  
  25  2:56  SCV, Marine x2  
  28  3:08  SCV  
  29  3:14  Marine x2  
  31  3:23  SCV x2  
  33  3:29  Factory Reactor  
  33  3:31  Engineering Bay  
  33  3:34  Marine x2  
  33  3:35  SCV x2  
  37  3:45  Barracks  
  37  3:47  SCV x2  
  39  3:48  Barracks  
  39  3:51  Marine  
  39  3:52  Marine  
  41  3:59  SCV, Supply Depot  
  41  4:00  SCV  
  43  4:03  Missile Turret  
  43  4:05  Missile Turret  
  43  4:06  Widow Mine  
  43  4:09  Widow Mine  
  46  4:13  Hi-Sec Auto Tracking  
  46  4:21  SCV x2, Marine x2  
  50  4:33  SCV x2  
  50  4:36  Supply Depot  
  52  4:41  Refinery, Barracks Tech Lab  
  52  4:42  Refinery  
  52  4:45  SCV x2  
  54  4:53  Barracks Tech Lab  
  54  4:58  SCV x2, Marine x2, Widow Mine x2  
  54  4:59  Armory  
  62  5:05  Stimpack  
  62  5:10  Neosteel Armor  
  62  5:16  Combat Shield  
  62  5:32  Starport  
  62  5:35  Supply Depot  
  62  5:45  Missile Turret  
  62  5:48  Terran Vehicle Weapons Level 1  
  62  5:56  Marine x2  
  62  5:57  SCV x2, Marauder, Widow Mine  
  70  5:58  Supply Depot  
  70  6:09  SCV x2  
  70  6:10  Marauder  
  69  6:12  Widow Mine  
  69  6:14  Marine  
  65  6:18  Marauder, Widow Mine  
  65  6:23  Liberator  
  65  6:32  Marauder  
  64  6:33  Widow Mine  
  64  6:38  Marine x2  
  59  6:40  Marauder  
  56  6:53  Marauder  
  49  7:01  Marauder  
  49  7:02  Marine  
  49  7:03  Marine  
  49  7:04  Widow Mine x2  
  49  7:06  Liberator  
  49  7:14  Marauder  
  35  7:22  Marauder  
  35  7:25  Hellion  
  35  7:26  Hellion  
  34  7:32  SCV x2  
  36  7:38  Marauder, Marine x2  
  36  7:44  Marauder  
  14  8:09  Marauder  
Show
View Real Time Build Order
Export as new Build Order

BadCode Zerg 

Build Orders: Hatch First 

Get SALT Encoding   

  12  0:01  Drone  
  13  0:13  Overlord  
  13  0:17  Drone  
  14  0:31  Drone x2  
  14  0:35  Drone  
  17  0:55  Drone  
  18  0:57  Hatchery  
  18  0:59  Drone  
  18  1:11  Extractor  
  17  1:14  Spawning Pool  
  17  1:17  Drone  
  17  1:20  Drone  
  18  1:28  Drone  
  19  1:40  Overlord  
  19  2:05  Zergling x2  
  19  2:06  Zergling x2  
  19  2:08  Queen x2  
  25  2:20  Zergling x2  
  26  2:34  Drone x3  
  26  2:35  Drone  
  30  2:39  Metabolic Boost  
  30  2:44  Queen x2  
  34  3:00  Overlord  
  34  3:01  Zergling x2, Overlord  
  34  3:02  Zergling x2  
  36  3:14  Overlord  
  36  3:15  Overlord  
  36  3:20  Drone  
  36  3:21  Drone  
  38  3:31  Spore Crawler  
  37  3:35  Spore Crawler  
  36  3:42  Drone x2  
  36  3:43  Zergling x8  
  36  3:47  Drone x2  
  44  3:52  Drone  
  45  4:10  Overlord  
  45  4:11  Overlord, Drone  
  45  4:12  Drone x3  
  45  4:14  Extractor  
  48  4:22  Roach Warren  
  47  4:37  Drone x3  
  50  4:40  Drone x3  
  50  4:41  Drone  
  50  4:42  Drone  
  55  5:15  Roach x3  
  55  5:16  Drone x3  
  55  5:18  Hatchery  
  63  5:36  Extractor  
  62  5:47  Overlord x2, Roach  
  62  5:48  Roach x2  
  68  5:55  Overlord x2  
  68  6:01  Zergling x2  
  68  6:02  Zergling x4, Roach x2  
  64  6:08  Roach  
  60  6:13  Roach  
  60  6:24  Roach x5  
  60  6:25  Roach x2  
  65  6:33  Roach x2  
  58  6:41  Spine Crawler  
  58  6:45  Spine Crawler  
  51  6:47  Zergling x2, Roach x3  
  51  6:53  Zergling x2, Roach  
  49  7:03  Zergling x2, Roach  
  41  7:15  Zergling x2, Roach  
  40  7:22  Roach  
  29  7:31  Roach  
  29  7:49  Zergling x2, Roach  
  27  7:59  Spine Crawler  
  27  8:01  Spine Crawler  
  27  8:02  Roach  
  27  8:03  Spine Crawler  
  23  8:21  Zergling x2, Roach  
Tags
 
Add a new tag
Caveats
  • Supply blocks, unpowered buildings, or Contaminate may cause inaccurate times.
  • Supply counts are checked every 10 seconds.